 Dungeon Crawl Stone Soup version 0.21-a0-509-gecc5317 (webtiles) character file.

59 Gerstahl the Chiller (level 4, -3/36 HPs)
             Began as a Naga Ice Elementalist on Nov 30, 2017.
             Slain by a goblin (6 damage)
             ... led by Robin
             ... on level 2 of the Dungeon.
             The game lasted 00:03:46 (876 turns).

Gerstahl the Chiller (Naga Ice Elementalist)         Turns: 876, Time: 00:03:47

Health: -3/36      AC:  2    Str: 10    XL:     4   Next: 3%
Magic:  8/8        EV: 10    Int: 16    God:
Gold:   86         SH:  0    Dex: 12    Spells: 8/9 levels left

rFire    . . .     SeeInvis +   (no weapon)
rCold    . . .     Gourm    .   (no shield)
rNeg     . . .     Faith    .   a - +0 robe
rPois    +         Spirit   .   (no helmet)
rElec    .         Reflect  .   (no cloak)
rCorr    .         Harm     .   (no gloves)
MR       .....                  (no barding)
Stlth    ++........             (no amulet)
HPRegen  0.12/turn              (no ring)
MPRegen  0.11/turn              (no ring)

@: very slow
A: large, see invisible, deformed body, poison resistance, slowness 2, slow
metabolism 1, spit poison 1, AC +1
a: Spit Poison


You were on level 2 of the Dungeon.
You were hungry.

You visited 1 branch of the dungeon, and saw 2 of its levels.

You collected 86 gold pieces.

Inventory:

Armour
 a - a +0 robe (worn)
Jewellery
 l - an uncursed amulet of faith {unknown}
Scrolls
 g - a scroll of enchant weapon {unknown}
 h - a scroll of amnesia {unknown}
Potions
 e - 2 potions of might {unknown}
 i - 2 potions of brilliance {unknown}
 j - 2 potions of magic {unknown}
Books
 b - a book of Frost

   Spells                             Type                      Level
   a - Freeze                         Ice                          1
   b - Throw Frost                    Conjuration/Ice              2
   c - Ozocubu's Armour               Charms/Ice                   3
   d - Throw Icicle                   Conjuration/Ice              4
   e - Summon Ice Beast               Ice/Summoning                4
Comestibles
 c - 3 bread rations
 d - a royal jelly
 f - a meat ration
 k - 4 chunks of flesh


   Skills:
 - Level 1.5 Dodging
 - Level 3.0 Stealth
 + Level 3.0 Spellcasting
   Level 1.0 Conjurations
 + Level 4.0 Ice Magic


You had 8 spell levels left.
You knew the following spells:

 Your Spells              Type           Power        Failure   Level  Hunger
a - Freeze                Ice            ###.         3%          1    #......


Dungeon Overview and Level Annotations

Branches:
Dungeon (2/15)

Altars:
Ashenzari
Hepliaklqana
Kikubaaqudgha
The Shining One

Annotations:
D:2 Robin


Innate Abilities, Weirdness & Mutations

You cannot wear boots.
Your serpentine skin is tough. (AC +1)
You have supernaturally acute eyesight. (SInv)
Armour fits poorly on your strangely shaped body.
Your system is resistant to poisons. (rPois)
You cover ground very slowly.
You have a slow metabolism.
You can spit poison.


Message History

You closely miss the goblin. The goblin barely misses you.
The goblin hits you but does no damage. The goblin barely misses you.
The goblin hits you. The goblin hits you with a club.
Robin throws the goblin at you! The goblin hits you with a club.
* * * LOW HITPOINT WARNING * * *
The goblin barely misses you. The goblin hits you but does no damage.
You closely miss the goblin.
Robin says, "My army is invincible!"
The goblin hits you with a club.
* * * LOW HITPOINT WARNING * * *
The goblin closely misses you. The goblin misses you.
The goblin closely misses you. The goblin hits you but does no damage.
The goblin barely misses you. The goblin hits you with a club.
* * * LOW HITPOINT WARNING * * *
The goblin unwields an uncursed dagger.
The goblin wields a hunting sling.
The goblin shoots a stone.
The stone hits you but does no damage. The goblin hits you.
You die...

........g.....#.8...#.#†..8.#
..............##...'#.#'...##
......<......).#####...#####.
.............).).....⌠.......
..?........g...#####...#####.
..........gggg##...'#.#'...##
...........ggg#.8...#.#...8.#
...........g.g#.._..#.#.._..#
..........@.#.8.8.#.#.8.8.#
...#.....<.##...##.##...##
##.##..##...#####...##### #[#
#..#..###..###.# #.
#..##..........# #
....####.....#### ..#.##
#......... #.##..#
....####### . #.## ##...#


You could see Robin, 2 hobgoblins and 7 goblins.

Vanquished Creatures
  3 adders (D:2)
  2 giant cockroaches (D:1)
  6 goblins
  3 hobgoblins
  2 jackals (D:2)
  A quokka (D:2)
  A ball python (D:1)
  3 bats
  A frilled lizard (D:1)
  6 kobolds
  A rat (D:1)
29 creatures vanquished.

Notes
Turn   | Place    | Note
-------+----------+-------------------------------------------
     0 | D:1      | Gerstahl the Naga Ice Elementalist began the quest for the Orb.
     0 | D:1      | Reached XP level 1. HP: 15/15 MP: 3/3
    98 | D:1      | Reached XP level 2. HP: 22/22 MP: 3/5
   504 | D:2      | Found a hazy altar of Hepliaklqana.
   507 | D:2      | Found a shattered altar of Ashenzari.
   511 | D:2      | Reached XP level 3. HP: 17/28 MP: 5/7
   517 | D:2      | Found an ancient bone altar of Kikubaaqudgha.
   520 | D:2      | Found a glowing golden altar of the Shining One.
   767 | D:2      | Reached skill level 4 in Ice Magic
   859 | D:2      | Reached XP level 4. HP: 36/36 MP: 8/8
   863 | D:2      | Noticed Robin
   876 | D:2      | Slain by a goblin

Vault maps used:
D:1:      lightli_arrival_boilingwater
D:2:      lemuel_coloured_pillars_altar, grunt_temple_overflow_cloverleaf,
          first_bread, grunt_ministairs_2, uniq_sigmund, uniq_robin

Skill      XL: |  1  2  3 |
---------------+----------+-----
Spellcasting   | 3 |  3.0
Ice Magic      | 4 |  4.0
Dodging        | |  1.5
Stealth        | |  3.0
Conjurations   | |  1.0

Action                   |  1- 3 |  4- 6 || total
-------------------------+-------+-------++-------
Melee: Unarmed           |    27 |     5 ||    32
 Cast: Freeze            |    26 |     1 ||    27
 Abil: Spit Poison       |    15 |     1 ||    16
Armor: Robe              |    11 |     3 ||    14
Dodge: Dodged            |    38 |    13 ||    51

Table legend:
 A = Spawn XP
 B = Non-spawn XP
 C = Spawn XP percentage of total XP
 D = Spawn monster count
 E = Non-spawn monster count
 F = Spawn count percentage of total count
 G = Total turns spent on level
                    A         B        C        D         E        F      G
               +---------+---------+-------+---------+---------+-------+---------
         Total |       0 |      85 |   0.0 |       0 |      29 |   0.0 |   876
               +---------+---------+-------+---------+---------+-------+---------
           D:1 |       0 |      32 |   0.0 |       0 |      19 |   0.0 |   475
           D:2 |       0 |      53 |   0.0 |       0 |      10 |   0.0 |   401
               +---------+---------+-------+---------+---------+-------+---------
